Map: Blackpink LE

Players

Typo - Winner!

  • Race: Zerg Zerg
  • League: Platinum
  • Spawn Location: 1:00

Infamous

  • Race: Protoss Protoss
  • League: Gold
  • Spawn Location: 7:00

VOD

Have the link to the VOD?

Description

Time

  • Played on: April 21, 2018, 2:53 p.m.
  • Length: 17:34
Show
View Real Time Build Order
Export as new Build Order

Typo Zerg - Winner!

Build Orders: Hatch First 

Get SALT Encoding   

  12  0:01  Drone  
  13  0:12  Overlord  
  13  0:17  Drone  
  14  0:46  Drone  
  14  0:48  Hatchery  
  14  0:50  Drone  
  15  1:09  Spawning Pool  
  15  1:10  Extractor  
  13  1:12  Drone  
  13  1:16  Drone  
  15  1:19  Drone  
  16  1:27  Drone  
  17  1:35  Drone  
  18  1:57  Zergling x4  
  20  2:10  Queen  
  20  2:11  Queen  
  20  2:13  Zergling x6  
  27  2:19  Metabolic Boost  
  27  2:32  Roach Warren  
  26  2:38  Zergling x4  
  28  2:47  Overlord  
  28  3:20  Zergling x6  
  28  3:21  Zergling x10  
  28  3:23  Overlord  
  36  3:34  Overlord  
  36  4:09  Roach  
  42  4:10  Roach x6  
  42  4:15  Roach  
  52  4:22  Overlord  
  52  4:30  Overlord  
  52  4:38  Overlord  
  52  5:02  Ravager x3  
  55  5:14  Ravager  
  55  5:16  Zergling x12  
  55  5:17  Zergling x4  
  55  5:21  Overlord  
  64  5:44  Drone  
  64  5:45  Drone x5  
  69  6:09  Ravager  
  69  6:11  Ravager  
  71  6:17  Drone x4  
  71  6:18  Drone x2  
  77  6:24  Extractor  
  71  7:01  Lair  
  71  7:03  Drone x2  
  71  7:04  Drone x4  
  71  7:07  Spore Crawler x2  
  75  7:09  Spore Crawler  
  75  7:10  Spore Crawler  
  75  7:14  Spore Crawler  
  72  7:29  Extractor  
  71  7:30  Extractor  
  71  7:35  Spore Crawler  
  69  7:39  Spore Crawler  
  68  7:46  Overlord x3  
  68  7:47  Overlord x2  
  68  8:04  Hydralisk Den  
  67  8:23  Drone x6  
  73  8:33  Hatchery  
  72  8:35  Muscular Augments  
  71  9:13  Hydralisk x2  
  71  9:14  Hydralisk x4  
  83  9:21  Drone  
  83  9:22  Drone x5  
  89  9:46  Grooved Spines  
  89  9:48  Hydralisk  
  89  9:49  Hydralisk x3  
  89  9:52  Overlord  
  97  9:54  Overlord x2  
  97  10:22  Hydralisk  
  97  10:23  Hydralisk x7  
  97  10:24  Hydralisk x2  
  117  10:35  Drone  
  118  10:44  Evolution Chamber  
  118  10:45  Evolution Chamber  
  97  11:52  Hydralisk x11  
  101  12:13  Hydralisk x3  
  101  12:14  Hydralisk x4  
  100  12:24  Hydralisk x2  
  100  12:29  Zerg Ground Armor Level 1, Zerg Missile Weapons Level 1  
  104  12:35  Hydralisk x2  
  104  12:59  Hydralisk x5  
  114  13:17  Overlord x4  
  97  13:35  Roach x2  
  97  13:36  Roach x2  
  99  13:57  Drone  
  99  13:58  Drone x8  
  108  14:09  Overseer  
  101  14:10  Overseer  
  101  14:15  Drone x3  
  104  14:29  Extractor  
  104  14:30  Extractor, Hydralisk  
  104  14:31  Hydralisk x3  
  110  15:06  Nydus Network  
  109  15:08  Hydralisk x6  
  109  15:09  Lurker Den, Hydralisk x2  
  109  15:12  Hydralisk  
  118  15:25  Hydralisk x3  
  122  15:40  Ravager x4  
  116  16:29  Drone x2  
  116  16:30  Drone x7  
  125  16:37  Lurker  
  125  16:38  Lurker x2  
  128  16:42  Lurker  
Show
View Real Time Build Order
Export as new Build Order

Infamous Protoss 

Build Orders: 1 Gate Expand 

Get SALT Encoding   

  12  0:01  Probe  
  13  0:12  Probe  
  14  0:20  Probe  
  14  0:21  Pylon  
  15  0:36  Probe  
  15  0:39  Gateway  
  16  0:50  Probe  
  17  0:58  Assimilator  
  17  1:02  Probe  
  18  1:10  Gateway  
  18  1:14  Probe  
  19  1:26  Probe  
  20  1:41  Nexus  
  20  1:44  Probe  
  21  1:57  Probe  
  21  1:59  Cybernetics Core  
  22  2:09  Probe  
  23  2:21  Pylon  
  23  2:25  Assimilator  
  23  2:30  Adept x2  
  23  2:37  Warp Gate  
  23  2:42  Probe  
  28  2:53  Probe  
  28  2:54  Pylon  
  29  3:07  Probe  
  30  3:15  Zealot  
  30  3:19  Probe  
  29  3:20  Zealot  
  30  3:31  Probe  
  31  3:45  Gateway  
  31  3:47  Gateway  
  31  3:50  Sentry  
  31  3:52  Stalker  
  35  4:05  Pylon  
  35  4:06  Pylon  
  35  4:23  Probe  
  36  4:40  Probe  
  37  4:47  Robotics Facility  
  37  4:52  Stalker, Adept  
  41  4:53  Adept  
  41  4:54  Stargate  
  41  4:58  Twilight Council  
  43  5:03  Adept  
  45  5:34  Stalker  
  47  5:47  Pylon  
  47  5:50  Pylon  
  47  5:55  Void Ray  
  47  6:02  Observer  
  47  6:05  Probe  
  47  6:06  Adept  
  55  6:17  Probe  
  56  6:49  Sentry x3  
  62  7:03  Probe  
  63  7:32  Charge  
  63  7:54  Pylon  
  63  7:57  Pylon  
  63  7:58  Nexus  
  63  8:02  Pylon  
  63  8:12  Void Ray  
  67  8:29  Gateway  
  67  8:30  Gateway  
  67  8:33  Gateway  
  67  8:37  Stalker x3  
  67  8:40  Probe  
  74  8:52  Probe  
  74  8:55  Void Ray  
  79  8:59  Immortal  
  79  9:03  Assimilator  
  79  9:05  Assimilator  
  79  9:09  Pylon  
  83  9:12  Probe  
  83  9:13  Probe  
  85  9:42  Stalker x3  
  91  9:55  Pylon, Shield Battery  
  91  10:24  Stalker x4  
  91  10:25  Stalker x2  
  103  10:50  Zealot x3  
  103  10:51  Zealot x2  
  103  10:53  Probe  
  102  11:14  Immortal  
  106  11:18  Gateway  
  90  11:57  Zealot x4  
  90  11:58  Zealot x2  
  98  12:07  Probe x2  
  62  12:24  Stalker x4  
  62  12:25  Stalker  
  72  12:33  Probe  
  73  12:44  Probe  
  73  12:45  Probe  
  73  12:48  Forge  
  75  12:57  Sentry x2  
  75  12:58  Sentry x3  
  85  13:05  Pylon, Immortal  
  85  13:06  Pylon  
  85  13:11  Protoss Ground Weapons Level 1  
  85  13:13  Dark Shrine  
  89  13:24  Blink  
  83  13:36  Zealot  
  83  13:38  Zealot  
  83  13:39  Zealot x2  
  91  13:51  Sentry  
  93  13:57  Gateway  
  93  13:59  Immortal, Gateway  
  97  14:34  Dark Templar x2  
  101  14:39  Dark Templar  
  103  14:54  Robotics Facility  
  93  15:35  Nexus  
  85  15:51  Zealot x3  
  85  15:52  Zealot x4  
  99  16:04  Pylon  
  99  16:06  Pylon  
  75  16:24  Probe x2  
  77  16:30  Immortal  
  81  16:34  Sentry x2  
  81  16:35  Sentry x2  
  89  16:58  Probe x2  
  89  16:59  Probe  
  92  17:11  Observer  
  92  17:12  Observer  
Tags
 
Add a new tag
Caveats
  • Supply blocks, unpowered buildings, or Contaminate may cause inaccurate times.
  • Supply counts are checked every 10 seconds.